[Event "Team 45 45 League T69"]
[Site "Internet Chess Club"]
[Date "2016.06.19"]
[Round "2"]
[White "KBuccleuch"]
[Black "cysk"]
[Result "1-0"]
[WhiteElo "1998"]
[BlackElo "1794"]
[Opening "Dutch defense"]
[ECO "A90"]
[Time "12:00:17"]
[TimeControl "2700+45"]

1. d4 f5 2. g3 Nf6 3. Bg2 e6 4. c4 c6 5. Nh3 d5 6. Nd2 Bd6 7. O-O O-O 8. Qc2 b6
9. Nf3 Bb7 10. Bf4 Ne4 11. Ne5 Nd7 12. f3 Nxe5 13. dxe5 Bc5+ 14. Kh1 g5 15. fxe4
gxf4 16. Nxf4 Qe7 17. cxd5 cxd5 18. exd5 exd5 19. b4 Bd4 20. Rad1 Qxe5 21. Qd3
Bc3 22. Bxd5+ Bxd5+ 23. Nxd5 Rad8 24. Qc4 Kh8 25. Nxc3 Rc8 26. Qb5 Qxc3 27. Rxf5
Rfe8 28. Rdf1 Qe3 29. R5f3 Qe7 30. a3 Rf8 31. Rxf8+ Rxf8 32. Rxf8+ Qxf8 33. Qe5+
Kg8 34. Qe6+ Kh8 35. Kg2 Kg7 36. e4 Qd8 37. h4 a5 38. h5 Qd2+ 39. Kh3 Qe3 40.
h6+ Qxh6+ 41. Qxh6+ Kxh6 42. bxa5 bxa5 43. Kg4 Kg6 44. e5 h5+ 45. Kf4 a4 46. Ke4
Kg5 47. Kd5 {Black resigns} 1-0

[Event "Team 45 45 League T69"]
[Site "Internet Chess Club"]
[Date "2016.06.17"]
[Round "2"]
[White "MikeTtheGuru"]
[Black "ChessHouston"]
[Result "0-1"]
[WhiteElo "1950"]
[BlackElo "1895"]
[Opening "English: Mikenas-Carls, Kevitz variation"]
[ECO "A18"]
[Time "12:08:53"]
[TimeControl "2700+45"]

1. c4 Nf6 2. Nc3 e6 3. e4 Nc6 4. Nf3 d5 5. e5 d4 6. exf6 dxc3 7. bxc3 gxf6 8. d4
e5 9. d5 Ne7 10. Rb1 Nf5 11. Bd3 b6 12. Qc2 Nd6 13. O-O Bg4 14. Nd2 Qd7 15. f3
Bh5 16. Re1 Bg6 17. Ne4 Nxe4 18. Bxe4 Bd6 19. Bh6 Rg8 20. Be3 Bxe4 21. Qxe4 Qh3
22. f4 f5 23. Qc2 e4 24. Kh1 Qh4 25. Qa4+ Ke7 26. Rf1 Rg6 27. Qc2 Rag8 28. Rf2
Rh6 29. h3 Rg3 30. Qd2 Rxe3 31. Qxe3 Bc5 {White resigns} 0-1

[Event "Team 45 45 League T69"]
[Site "Internet Chess Club"]
[Date "2016.06.17"]
[Round "2"]
[White "LiangLiang"]
[Black "jjimalo"]
[Result "1/2-1/2"]
[WhiteElo "1854"]
[BlackElo "1844"]
[Opening "Sicilian: Najdorf, Byrne (English) attack"]
[ECO "B90"]
[Time "12:31:12"]
[TimeControl "2700+45"]

1. e4 c5 2. Nf3 d6 3. d4 cxd4 4. Nxd4 Nf6 5. Nc3 a6 6. Be3 e5 7. Nb3 Be7 8. f3
b5 9. Qd2 Be6 10. g4 h6 11. O-O-O Nc6 12. h4 Nd7 13. Be2 Nb6 14. Bxb6 Qxb6 15.
g5 Rc8 16. Kb1 Na5 17. Nd5 Nxb3 18. cxb3 Bxd5 19. Qxd5 Qc6 20. Qd2 hxg5 21. hxg5
Rxh1 22. Rxh1 g6 23. Bf1 Bxg5 24. Rh8+ Kd7 25. Bh3+ f5 26. Rxc8 Bxd2 27. Rxc6
Kxc6 28. exf5 gxf5 29. Bxf5 d5 30. Kc2 Be1 31. Kd3 Kc5 32. a3 a5 33. Bd7 Bg3
{Game drawn by mutual agreement} 1/2-1/2

[Event "Team 45 45 League T69"]
[Site "Internet Chess Club"]
[Date "2016.06.19"]
[Round "2"]
[White "pishd"]
[Black "platolag"]
[Result "1-0"]
[WhiteElo "1816"]
[BlackElo "1664"]
[Opening "Queen's pawn game"]
[ECO "D04"]
[Time "12:16:52"]
[TimeControl "2700+45"]

1. d4 Nf6 2. Nf3 d5 3. e3 c6 4. Nbd2 Bg4 5. h3 Bh5 6. g4 Bg6 7. Ne5 e6 8. h4 h5
9. Nxg6 fxg6 10. g5 Ne4 11. Bd3 Qa5 12. c3 Nd7 13. Nxe4 dxe4 14. Bxe4 O-O-O 15.
Bxg6 Ne5 16. Qb3 Nf3+ 17. Ke2 Rd6 18. Kxf3 Be7 19. e4 Rf8+ 20. Kg3 e5 21. Bf5+
Kc7 22. Be3 exd4 23. cxd4 g6 24. Bh3 Qa6 25. Bf1 b5 26. Rc1 Kd8 27. a4 Qb7 28.
axb5 a6 29. Bg2 Rd5 30. exd5 Bd6+ 31. f4 Qf7 32. Rhf1 axb5 33. Rxc6 {Black
resigns} 1-0

[Event "Team 45 45 League T69"]
[Site "Internet Chess Club"]
[Date "2016.06.20"]
[Round "2"]
[White "watkins"]
[Black "elmaestro"]
[Result "0-1"]
[WhiteElo "1486"]
[BlackElo "1731"]
[Opening "Dutch"]
[ECO "A80"]
[Time "08:44:07"]
[TimeControl "2700+45"]

1. d4 f5 2. Bf4 Nf6 3. Nf3 e6 4. e3 Be7 5. Nbd2 O-O 6. Bd3 d6 7. c3 Nc6 8. Qb3
Kh8 9. Qc2 a5 10. h4 Qe8 11. O-O-O Bd8 12. e4 fxe4 13. Nxe4 Nxe4 14. Bxe4 Rxf4
15. Bxh7 Qh5 16. Bg6 Qh6 17. Ng5 Kg8 18. Kb1 Rxh4 19. Rxh4 Qxh4 20. Bf7+ Kf8 21.
Qg6 Qxg5 {White resigns} 0-1

[Event "Team 45 45 League T69"]
[Site "Internet Chess Club"]
[Date "2016.06.19"]
[Round "2"]
[White "jonesey"]
[Black "IshanR"]
[Result "1-0"]
[WhiteElo "2008"]
[BlackElo "1913"]
[Opening "Ruy Lopez: Schliemann defense, Berger variation"]
[ECO "C63"]
[Time "08:17:14"]
[TimeControl "2700+45"]

1. e4 e5 2. Nf3 Nc6 3. Bb5 f5 4. Nc3 fxe4 5. Nxe4 Nf6 6. Qe2 d5 7. Nxf6+ gxf6 8.
Nd4 Qd6 9. Qh5+ Kd8 10. Nxc6+ bxc6 11. Be2 Be6 12. O-O Kd7 13. f4 e4 14. f5 Bg8
15. d3 Qc5+ 16. Kh1 Qxc2 17. dxe4 Qxe4 18. Bh6 Qe8 19. Qh4 Bxh6 20. Qxh6 Qf8 21.
Qh4 Rb8 22. Qa4 Qb4 23. Qxa7 Qxb2 24. Bh5 d4 25. Rad1 Bd5 26. Bf3 Ra8 27. Qc5
Qc3 28. Qxc3 dxc3 29. Bxd5 cxd5 30. Rxd5+ Kc6 31. Rd3 Rxa2 32. Rxc3+ Kb7 33.
Rfc1 Rc8 34. Rc6 Ra1 35. Rxc7+ Rxc7 36. Rxa1 Rc5 37. g4 h5 38. Rf1 hxg4 39. Kg2
Kc7 40. Kg3 Rc2 41. Rf2 Rc3+ 42. Kxg4 Kd6 43. Kh5 Ke5 44. Kg6 Rc4 45. Re2+ Kf4
46. h4 Kf3 47. Rh2 Kg3 48. Rh1 Kg2 49. Ra1 Rxh4 50. Kxf6 Rf4 51. Ra3 Kf2 52. Ke6
Ke2 53. f6 Kd2 54. f7 Re4+ 55. Kf5 Re1 56. Rf3 Re8 57. fxe8=Q {Black resigns}
1-0

[Event "Team 45 45 League T69"]
[Site "Internet Chess Club"]
[Date "2016.06.20"]
[Round "2"]
[White "cityprosecutor"]
[Black "fledermaus"]
[Result "0-1"]
[WhiteElo "1759"]
[BlackElo "1895"]
[Opening "Sicilian defense"]
[ECO "B20"]
[Time "15:01:05"]
[TimeControl "2700+45"]

1. e4 c5 2. d3 Nc6 3. g3 d5 4. Nd2 Nf6 5. Bg2 dxe4 6. dxe4 e5 7. Ngf3 Be6 8. O-O
Be7 9. c3 Nd7 10. Qc2 O-O 11. Rd1 Qc7 12. Nf1 Rad8 13. Ne3 Nb6 14. Bd2 g6 15. h3
Qc8 16. Kh2 Rd7 17. g4 Rfd8 18. b3 f6 19. Rg1 Qc7 20. Bf1 Nd4 21. cxd4 exd4+ 22.
Kh1 dxe3 23. Bxe3 Bf8 24. Bb5 Rf7 25. Rac1 a6 26. Be2 Nd7 27. Nh4 g5 28. Ng2 Bd6
29. Rgf1 h5 30. Bc4 Bxc4 31. Qxc4 hxg4 32. hxg4 b5 33. Qe6 Nf8 34. Qf5 Rh7+ 35.
Kg1 Bh2+ 36. Kh1 Bf4+ 37. Kg1 Bxe3 38. Qxh7+ Qxh7 39. Nxe3 Ne6 40. Ng2 Nd4
{White resigns} 0-1

[Event "Team 45 45 League T69"]
[Site "Internet Chess Club"]
[Date "2016.06.16"]
[Round "2"]
[White "parrot9"]
[Black "Frankly"]
[Result "0-1"]
[WhiteElo "1734"]
[BlackElo "1756"]
[Opening "KGD: Falkbeer, 5.de"]
[ECO "C32"]
[Time "14:02:50"]
[TimeControl "2700+45"]

1. e4 e5 2. f4 d5 3. exd5 e4 4. d3 Nf6 5. dxe4 Bc5 6. Qf3 O-O 7. Be3 Bxe3 8.
Qxe3 Nxe4 9. Nc3 Nxc3 10. Qxc3 Re8+ 11. Be2 Bg4 12. Qd3 Qe7 13. h3 Bxe2 14. Nxe2
Na6 15. Kf1 Nb4 16. Qc4 Nxd5 17. Qxd5 Qxe2+ 18. Kg1 Qe3+ 19. Kh2 Qxf4+ 20. Kg1
c6 21. Qf3 Qd4+ 22. Kh2 Re3 23. Rad1 Qe5+ {White resigns} 0-1

[Event "Team 45 45 League T69"]
[Site "Internet Chess Club"]
[Date "2016.06.19"]
[Round "2"]
[White "Constrictor"]
[Black "LookImYourVader"]
[Result "0-1"]
[WhiteElo "1569"]
[BlackElo "1697"]
[Opening "Réti opening"]
[ECO "A05"]
[Time "16:01:17"]
[TimeControl "2700+45"]

1. Nf3 Nf6 2. b4 d5 3. Bb2 c6 4. e3 Bg4 5. Be2 Nbd7 6. O-O e6 7. a3 a5 8. b5 Qb6
9. bxc6 bxc6 10. Bc3 Bd6 11. d3 O-O 12. Nbd2 Rab8 13. Rb1 Qc7 14. Rxb8 Rxb8 15.
h3 Bxf3 16. Nxf3 Bxa3 17. Qa1 Bb4 18. Bb2 Bd6 19. g4 a4 20. Ba3 c5 21. g5 Ne8
22. Nd2 Be5 23. Qc1 Qb6 24. c3 Nc7 25. d4 Bd6 26. f4 Nb5 27. Bxb5 Qxb5 28. c4
dxc4 29. Nxc4 Bf8 30. Rf2 cxd4 31. Bxf8 Kxf8 32. Rb2 Qc5 33. Rxb8+ Nxb8 34. Qa3
Qxa3 35. Nxa3 dxe3 36. Kf1 Ke7 37. Ke2 Kd6 38. Kxe3 Kc5 39. Kd3 Kb4 40. Nc2+ Kb3
41. Kd2 Kb2 42. Nb4 a3 43. Kd3 Nc6 44. Nc2 a2 45. Kd2 Nd4 {White resigns} 0-1

[Event "Team 45 45 League T69"]
[Site "Internet Chess Club"]
[Date "2016.06.20"]
[Round "2"]
[White "zorori"]
[Black "QuieroAprender"]
[Result "1-0"]
[WhiteElo "1712"]
[BlackElo "1585"]
[Opening "Ruy Lopez: Classical defense deferred"]
[ECO "C70"]
[Time "19:25:20"]
[TimeControl "2700+45"]

1. e4 e5 2. Nf3 Nc6 3. Bb5 a6 4. Ba4 Bc5 5. Bxc6 dxc6 6. O-O Bg4 7. h3 Bxf3 8.
Qxf3 Qf6 9. Qe2 O-O-O 10. c3 Qe6 11. b4 Bd6 12. a4 f5 13. d3 f4 14. Nd2 g5 15.
b5 cxb5 16. axb5 axb5 17. d4 c6 18. Ba3 exd4 19. cxd4 Bxa3 20. Rxa3 Rxd4 21. Qd1
Qd6 22. Ra8+ Kc7 23. Qa1 c5 24. Qa5+ Qb6 25. Rc8+ Kxc8 26. Qxb6 Rxd2 27. Qxc5+
Kd7 28. Qc3 {Black resigns} 1-0

[Event "Team 45 45 League T69"]
[Site "Internet Chess Club"]
[Date "2016.06.17"]
[Round "2"]
[White "pcvan"]
[Black "houseofcook"]
[Result "1/2-1/2"]
[WhiteElo "1462"]
[BlackElo "1446"]
[Opening "French: King's Indian attack"]
[ECO "C00"]
[Time "13:04:04"]
[TimeControl "2700+45"]

1. e4 e6 2. d3 d5 3. Nd2 c5 4. Ngf3 Nc6 5. g3 Bd6 6. Bg2 Nge7 7. O-O O-O 8. Re1
f6 9. b3 Bd7 10. Bb2 e5 11. exd5 Nxd5 12. Ne4 Be7 13. Qd2 b5 14. c4 Nc7 15. Rac1
Rb8 16. Qe3 Nd4 17. Nxd4 cxd4 18. Qe2 bxc4 19. dxc4 f5 20. Nd2 e4 21. Bxd4 a6
22. f3 Ne6 23. Be5 Bc5+ 24. Kh1 Nd4 25. Bxd4 Bxd4 26. fxe4 fxe4 27. Nxe4 Qb6 28.
Nc3 Rfe8 29. Qd3 Rxe1+ 30. Rxe1 Re8 31. Rxe8+ Bxe8 32. Ne2 Bf6 33. Bd5+ Kh8 34.
Kg2 Bg6 35. Qf3 h6 36. Nf4 Bb1 37. Qe2 Qb8 38. Be4 Bxe4+ 39. Qxe4 Qd8 40. Nd5
Bg5 41. Qe6 Qa8 42. Kh3 Bd2 43. Qd7 Bg5 44. Nc7 Qf3 45. Ne6 Qh5+ 46. Kg2 Qe2+
47. Kh3 Qh5+ 48. Kg2 Qe2+ {Game drawn by mutual agreement} 1/2-1/2

[Event "Team 45 45 League T69"]
[Site "Internet Chess Club"]
[Date "2016.06.21"]
[Round "2"]
[White "rkjulianjr"]
[Black "olivermx"]
[Result "0-1"]
[WhiteElo "1339"]
[BlackElo "1324"]
[Opening "QGD: symmetrical (Austrian) defense"]
[ECO "D06"]
[Time "16:04:04"]
[TimeControl "2700+45"]

1. d4 d5 2. c4 c5 3. Nc3 dxc4 4. Qa4+ Bd7 5. Qxc4 cxd4 6. Qxd4 Nc6 7. Qh4 Nf6 8.
e4 e6 9. Bg5 Be7 10. Nf3 h6 11. e5 Ng8 12. O-O-O Bxg5+ 13. Nxg5 Qxg5+ 14. Qxg5
hxg5 15. Bb5 a6 16. Bxc6 Bxc6 17. f3 Rd8 18. Rd6 Rxd6 19. exd6 Nf6 20. h3 Kd7
21. Rd1 Bd5 22. a3 Kxd6 23. Ne4+ Ke7 24. Nc3 Rd8 25. Re1 Bb3 26. Re5 Nd5 27.
Nxd5+ Rxd5 28. Re1 Kf6 29. g3 Re5 30. Rxe5 Kxe5 31. Kd2 f5 32. Kc3 Bd5 33. f4+
gxf4 34. gxf4+ Kxf4 35. Kd4 Kg3 36. Ke5 Kxh3 37. Kf4 Kh4 38. b4 g5+ 39. Ke3 g4
40. Kf2 Kh3 41. Kg1 f4 42. Kf1 Kh2 43. a4 g3 44. b5 g2+ {White resigns} 0-1

[Event "Team 45 45 League T69"]
[Site "Internet Chess Club"]
[Date "2016.06.20"]
[Round "2"]
[White "Kandor"]
[Black "JohLeb"]
[Result "0-1"]
[WhiteElo "1287"]
[BlackElo "1367"]
[Opening "Sicilian defense"]
[ECO "B20"]
[Time "13:18:40"]
[TimeControl "2700+45"]

1. e4 c5 2. d3 Nc6 3. Nd2 d6 4. g3 Nf6 5. Bg2 Bg4 6. Ngf3 e6 7. O-O Be7 8. h3
Bh5 9. Qe2 Nd4 10. Qd1 Nd7 11. c3 Nxf3+ 12. Bxf3 Bg6 13. Re1 Ne5 14. Nf1 O-O 15.
Qe2 f5 16. Bf4 Nxf3+ 17. Qxf3 fxe4 18. dxe4 e5 19. Be3 Rxf3 {White resigns} 0-1

[Event "Team 45 45 League T69"]
[Site "Internet Chess Club"]
[Date "2016.06.20"]
[Round "2"]
[White "Innes"]
[Black "nosir"]
[Result "0-1"]
[WhiteElo "1534"]
[BlackElo "1524"]
[Opening "Sicilian: Grand Prix attack"]
[ECO "B21"]
[Time "19:03:35"]
[TimeControl "2700+45"]

1. e4 c5 2. f4 d6 3. Nf3 a6 4. a4 Nc6 5. Bc4 e6 6. O-O Nf6 7. e5 dxe5 8. fxe5
Nd5 9. Nc3 Nb6 10. Be2 Nxe5 11. d3 Bd6 12. Kh1 O-O 13. Ne4 Nxf3 14. Bxf3 Be7 15.
Qe1 Nd5 16. c4 Nb4 17. Qg3 Bh4 18. Qe5 Bf6 19. Qh5 e5 20. Be3 g6 21. Nxf6+ Qxf6
22. Qh6 Qg7 23. Qxg7+ Kxg7 24. Bxc5 Nxd3 25. Bxf8+ Kxf8 26. b3 Ke7 27. Bd5 f6
28. Rad1 Nb4 29. Bg8 h6 30. Bh7 Bf5 31. g4 Bc2 32. Rd2 a5 33. Rff2 Bxb3 34. Bxg6
Bxc4 35. Bf5 Rd8 36. Rxd8 Kxd8 37. Rd2+ Kc7 38. Rd7+ Kc6 39. Rh7 Nd5 40. Be4 b5
41. axb5+ Bxb5 42. Rxh6 Kc5 43. Bxd5 Kxd5 44. Rxf6 Bd3 45. Kg1 a4 46. Rf3 e4 47.
Rf5+ Kc4 48. Ra5 Kb3 49. g5 e3 50. h4 Bg6 51. Ra6 Bd3 52. g6 Bxa6 53. g7 Bc4 54.
h5 Bg8 {White resigns} 0-1

[Event "Team 45 45 League T69"]
[Site "Internet Chess Club"]
[Date "2016.06.20"]
[Round "2"]
[White "rubo"]
[Black "isolani"]
[Result "0-1"]
[WhiteElo "1566"]
[BlackElo "1492"]
[Opening "Queen's bishop game"]
[ECO "D02"]
[Time "18:30:22"]
[TimeControl "2700+45"]

1. d4 Nf6 2. Nf3 d5 3. Bf4 e6 4. e3 c5 5. c3 Be7 6. Bd3 Nc6 7. Nbd2 Nh5 8. Bg3
Nxg3 9. hxg3 g6 10. Rc1 c4 11. Bb1 Bf6 12. e4 b5 13. a3 e5 14. exd5 Qxd5 15. Ne4
Bg7 16. Qe2 O-O 17. dxe5 Nxe5 18. Rd1 Nd3+ 19. Bxd3 cxd3 20. Rxd3 Qa2 21. O-O
Bf5 22. Re3 Bh6 23. Neg5 Bg4 24. Re4 f5 25. Nxh7 fxe4 26. Nxf8 exf3 27. gxf3 Bf5
28. Qxb5 Rxf8 29. Kg2 Qf7 30. Re1 Bc8 31. f4 Qb7+ 32. Qxb7 Bxb7+ 33. f3 g5 34.
fxg5 Bxf3+ 35. Kg1 Bxg5 36. c4 Bd2 37. Re7 a5 38. c5 Be3+ 39. Kh2 Bxc5 {White
resigns} 0-1

[Event "Team 45 45 League T69"]
[Site "Internet Chess Club"]
[Date "2016.06.18"]
[Round "2"]
[White "Leon13"]
[Black "supraholic"]
[Result "1/2-1/2"]
[WhiteElo "1324"]
[BlackElo "1416"]
[Opening "Vienna game"]
[ECO "C26"]
[Time "13:02:27"]
[TimeControl "2700+45"]

1. e4 e5 2. Bc4 Nf6 3. Nc3 Bb4 4. d3 Nc6 5. Ne2 a6 6. a3 Ba5 7. O-O b5 8. Ba2
Bb7 9. Bg5 h6 10. Bd2 Bb6 11. h3 Ne7 12. Kh1 d5 13. exd5 Nfxd5 14. Nxd5 Nxd5 15.
f4 Qh4 16. fxe5 Nf6 17. Ng1 Nh5 18. Be1 Ng3+ 19. Bxg3 Qxg3 20. Qe2 O-O 21. Rad1
Bd4 22. c3 Bxe5 23. Nf3 Bxf3 24. gxf3 Qxh3+ 25. Kg1 Rfe8 26. Qg2 Qxg2+ 27. Kxg2
Bf4 28. Bd5 Rad8 29. Be4 Re5 30. Rfe1 f5 31. d4 fxe4 32. dxe5 exf3+ 33. Kxf3
Rxd1 34. Rxd1 Bxe5 35. Kg4 g6 36. Re1 Bd6 37. Re8+ Kf7 38. Re3 a5 39. Rf3+ Kg7
40. Rd3 h5+ 41. Kh3 Kf6 42. Rd5 b4 43. a4 Be5 44. Rc5 Ke6 45. Rc6+ Kd5 46. Rxg6
bxc3 47. bxc3 Bxc3 48. Rg5+ Kc4 49. Rb5 c5 50. Kh4 Bb4 {Game drawn by mutual
agreement} 1/2-1/2

[Event "Team 45 45 League T69"]
[Site "Internet Chess Club"]
[Date "2016.06.15"]
[Round "2"]
[White "Mitochondria"]
[Black "idjit"]
[Result "1-0"]
[WhiteElo "1528"]
[BlackElo "1521"]
[Opening "Nimzo-Indian: classical variation"]
[ECO "E32"]
[Time "17:00:46"]
[TimeControl "2700+45"]

1. d4 Nf6 2. c4 e6 3. Nc3 Bb4 4. Qc2 O-O 5. a3 Bxc3+ 6. Qxc3 Ne4 7. Qc2 f5 8.
Nf3 b6 9. Bf4 Bb7 10. h3 Nc6 11. e3 Ne7 12. Be2 Ng6 13. Bh2 f4 14. Bd3 d5 15.
cxd5 exd5 16. O-O fxe3 17. fxe3 Nh4 18. Nxh4 Qxh4 19. Bxe4 Qxe4 20. Qxe4 dxe4
21. Bxc7 Rac8 22. Rxf8+ Kxf8 23. Be5 Ba6 24. Rd1 Rc2 25. d5 g6 26. d6 Bd3 27.
Bf6 Ke8 28. b4 Kd7 29. Be7 b5 30. Ra1 h5 31. h4 a6 32. Kh2 Re2 33. Rc1 Bc4 34.
Rc3 Rd2 35. Kg3 Rd3 36. Bf6 Rxd6 37. Bd4 Ke6 38. Rc2 Kd5 39. Rd2 Bd3 40. Kf4 Ke6
41. Kg5 Kd5 42. Rf2 Kc4 43. Rf6 Rxd4 44. Rc6+ Kd5 45. Rc5+ Kd6 46. exd4 e3 47.
Re5 e2 48. Kf4 {Black resigns} 1-0

[Event "Team 45 45 League T69"]
[Site "Internet Chess Club"]
[Date "2016.06.20"]
[Round "2"]
[White "AlPearson"]
[Black "Just-Jim"]
[Result "1-0"]
[WhiteElo "1378"]
[BlackElo "1284"]
[Opening "Lengfellner system"]
[ECO "B07"]
[Time "13:00:34"]
[TimeControl "2700+45"]

1. e4 d6 2. d4 e6 3. Nf3 Be7 4. Bc4 Nf6 5. Nc3 O-O 6. O-O d5 7. exd5 Nxd5 8.
Nxd5 exd5 9. Bb3 b6 10. Bf4 Ba6 11. Re1 f5 12. Bxd5+ Qxd5 13. Rxe7 Nc6 14. Rxc7
Rad8 15. c3 Qb5 16. b3 Qd5 17. c4 Qe4 18. Bg5 Rd6 19. d5 b5 20. Qe1 h6 21. Rxc6
Rxc6 22. dxc6 hxg5 23. Qxe4 fxe4 24. cxb5 Bxb5 25. Nd4 Ba6 26. b4 Rd8 27. Rd1
Bc4 28. a3 a6 29. g3 Bb5 30. Kg2 Bxc6 31. Kf1 Bb5+ 32. Ke1 Ba4 33. Rd2 Rc8 34.
Ke2 Rc3 35. Ne6 Bb5+ 36. Ke1 g4 37. Ng5 Bd3 38. Ne6 Rxa3 39. Nf4 Kh7 40. Nxd3
exd3 41. Rb2 Kg6 42. Kd2 Kf5 43. Ke3 Ke5 44. Rd2 Rc3 45. Rxd3 Rc4 46. Ra3 Rxb4
47. Rxa6 Rb1 48. Rg6 Kf5 49. Rxg7 Rh1 50. Rh7 Re1+ 51. Kd2 Re5 52. Rh5+ Ke4 53.
Rxe5+ Kxe5 54. Ke3 Kf5 55. f3 gxf3 56. Kxf3 Kg5 57. h3 Kh5 58. Kf4 Kg6 59. h4
Kf6 60. h5 Kg7 61. Kg5 Kh7 62. Kf6 Kh6 63. g4 Kh7 64. g5 Kh8 65. h6 Kg8 66. Ke6
Kh7 67. Kf6 Kg8 68. h7+ Kxh7 69. Kf7 Kh8 70. Kg6 Kg8 71. Kh6 Kh8 72. g6 Kg8 73.
g7 Kf7 74. Kh7 {Black resigns} 1-0

[Event "Team 45 45 League T69"]
[Site "Internet Chess Club"]
[Date "2016.06.20"]
[Round "2"]
[White "bhandelman"]
[Black "artspir"]
[Result "1-0"]
[WhiteElo "1307"]
[BlackElo "1159"]
[Opening "English: Caro-Kann defensive system"]
[ECO "A11"]
[Time "09:00:26"]
[TimeControl "2700+45"]

1. c4 c6 2. g3 d5 3. b3 e5 4. Bg2 Nf6 5. Nc3 Be6 6. e3 Bb4 7. Bb2 O-O 8. Nge2
Qd6 9. O-O Nbd7 10. d4 e4 11. f4 Bf5 12. h3 Ba3 13. c5 Nxc5 14. Bxa3 Nfd7 15.
dxc5 Nxc5 16. Qd4 b6 17. g4 Bc8 18. Na4 Ba6 19. Nxc5 Bxe2 20. Rfe1 bxc5 21. Bxc5
Qh6 22. Bxf8 Rxf8 23. Rxe2 Qd6 24. Qxa7 c5 25. Rc1 Rc8 26. Rec2 c4 27. bxc4 h6
28. c5 Qc6 29. a4 Rc7 30. Qb6 Qd7 31. c6 Qd6 32. a5 Qa3 33. Qxc7 Qxe3+ 34. Kh1
d4 35. Qb6 Qxf4 36. c7 d3 37. c8=Q+ Kh7 38. Qf5+ {Black resigns} 1-0

[Event "Team 45 45 League T69"]
[Site "Internet Chess Club"]
[Date "2016.06.16"]
[Round "2"]
[White "andrew37"]
[Black "cityprosecutor"]
[Result "1/2-1/2"]
[WhiteElo "1671"]
[BlackElo "1770"]
[Opening "English: symmetrical, main line with d3"]
[ECO "A38"]
[Time "18:07:22"]
[TimeControl "2700+45"]

1. c4 Nf6 2. Nf3 g6 3. g3 Bg7 4. Nc3 c5 5. Bg2 O-O 6. O-O Nc6 7. d3 a6 8. e4 d6
9. h3 Rb8 10. Re1 b5 11. Nd5 e6 12. Ne3 Nd7 13. cxb5 axb5 14. Nc2 b4 15. Rb1 Ba6
16. b3 Nde5 17. Bf1 Qa5 18. Nxe5 Nxe5 19. d4 cxd4 20. Nxd4 Bxf1 21. Rxf1 Qxa2
22. Bf4 Qa8 23. Re1 Rfc8 24. Ra1 Qb7 25. Ra4 Ra8 26. Rxa8 Qxa8 27. Qd2 Qa7 28.
Kg2 Qc5 29. Be3 Qa5 30. Rc1 Rxc1 31. Qxc1 Qa8 32. Qc2 h5 33. f4 Nd7 34. Nc6 Bc3
35. Nd4 Nc5 36. Kh2 Qxe4 37. Qxe4 Nxe4 38. Nb5 Be1 39. g4 hxg4 40. hxg4 d5 41.
Kg2 Bd2 42. Bxd2 Nxd2 43. Nd4 Kf8 44. Kf2 Ne4+ 45. Ke3 Ke8 46. Nc6 Nc5 47. Nxb4
Nxb3 48. f5 gxf5 49. gxf5 Kd7 50. fxe6+ fxe6 51. Kd3 Kd6 52. Kc3 Nc5 53. Nc2 e5
54. Nb4 e4 55. Kd4 Ne6+ 56. Ke3 Kc5 57. Nc2 Kc4 58. Na3+ Kb4 59. Nc2+ Kc3 60.
Ne1 Ng7 61. Kf4 Kd2 62. Ng2 Ne6+ 63. Ke5 Nc7 64. Kd4 Ke2 65. Nf4+ Kf3 66. Ng6 e3
67. Ne5+ Kf4 68. Nd3+ Kf3 69. Ne5+ Ke2 70. Ng4 {Black ran out of time and White
has no material to mate} 1/2-1/2

[Event "Team 45 45 League T69"]
[Site "Internet Chess Club"]
[Date "2016.06.16"]
[Round "2"]
[White "Hal2001"]
[Black "FrankNautilus"]
[Result "0-1"]
[WhiteElo "1657"]
[BlackElo "1697"]
[Opening "Alekhine's defense"]
[ECO "B03"]
[Time "10:00:40"]
[TimeControl "2700+45"]

1. e4 Nf6 2. e5 Nd5 3. d4 d6 4. exd6 exd6 5. c4 Nb6 6. b3 Be7 7. Nf3 O-O 8. Be2
Bf6 9. Bb2 Bg4 10. Nbd2 Nc6 11. Rb1 d5 12. O-O Re8 13. c5 Nd7 14. a3 Nf8 15. Bb5
a6 16. Bxc6 bxc6 17. b4 a5 18. Ra1 axb4 19. axb4 Rxa1 20. Bxa1 Ng6 21. h3 Bf5
22. Re1 Kf8 23. Nb3 Rxe1+ 24. Qxe1 Qe8 25. Qd2 Qe4 26. Na5 Bxh3 27. Nxc6 Qg4 28.
Ne1 Nf4 29. Qa2 g6 30. Qa8+ Kg7 31. Ne5 Bxe5 32. dxe5 Bxg2 {White resigns} 0-1

[Event "Team 45 45 League T69"]
[Site "Internet Chess Club"]
[Date "2016.06.18"]
[Round "2"]
[White "isolani"]
[Black "elessar"]
[Result "0-1"]
[WhiteElo "1483"]
[BlackElo "1666"]
[Opening "QGA, Janowsky-Larsen variation"]
[ECO "D04"]
[Time "18:30:11"]
[TimeControl "2700+45"]

1. Nf3 Nf6 2. d4 d5 3. e3 Bg4 4. c4 dxc4 5. Bxc4 e6 6. O-O Nbd7 7. Nc3 Be7 8.
Be2 O-O 9. e4 Nb6 10. Bf4 c6 11. Qd3 Bh5 12. Rfe1 Qd7 13. Ne5 Bxe2 14. Nxe2 Qd8
15. Ng3 Bd6 16. Rad1 Qc7 17. Qf3 Rfd8 18. Nh5 Nxh5 19. Qxh5 f6 20. Rd3 fxe5 21.
Rh3 g6 22. Qg4 exf4 23. Qxe6+ Qf7 24. Qxf7+ Kxf7 25. Rxh7+ Kg8 26. Rxb7 Rd7 27.
Rxd7 Nxd7 28. e5 Re8 29. Kf1 Be7 30. Rc1 Nb8 31. Ke2 Kf7 32. Kf3 g5 33. g3 fxg3
34. fxg3 Ke6 35. Ke4 Rf8 36. Rc2 Rc8 37. h3 Rf8 38. a3 Rh8 39. Rh2 Nd7 40. b4
Nb6 41. g4 Nd5 42. Rc2 Rc8 43. Rc4 Nb6 44. Rc2 a6 45. Rf2 Rf8 46. Rc2 Rf4+ 47.
Kd3 Kd5 48. Ke3 Nc4+ 49. Ke2 Rxd4 {White resigns} 0-1

[Event "Team 45 45 League T69"]
[Site "Internet Chess Club"]
[Date "2016.06.20"]
[Round "2"]
[White "Constrictor"]
[Black "olivermx"]
[Result "1-0"]
[WhiteElo "1575"]
[BlackElo "1306"]
[Opening "Santasiere's folly"]
[ECO "A06"]
[Time "17:00:26"]
[TimeControl "2700+45"]

1. Nf3 d5 2. b4 e6 3. b5 Bd7 4. e3 Nf6 5. Bb2 c6 6. a4 c5 7. c4 a6 8. d3 axb5 9.
axb5 Rxa1 10. Bxa1 dxc4 11. dxc4 Be7 12. Be2 Ne4 13. Nbd2 Nxd2 14. Qxd2 O-O 15.
O-O Bc8 16. Qc2 Nd7 17. Rd1 Qe8 18. Bd3 h6 19. Bc3 Bf6 20. Nd2 Bxc3 21. Qxc3 Nf6
22. Ne4 Nxe4 23. Bxe4 Qe7 24. Qd3 f5 25. Bf3 e5 26. Qd6 Qxd6 27. Rxd6 Rf6 28.
Rd5 e4 29. Rxc5 exf3 30. Rxc8+ Rf8 31. Rxf8+ Kxf8 32. gxf3 Ke7 33. c5 Kd7 34.
Kg2 Kc7 35. Kg3 b6 36. c6 Kd6 37. Kf4 Kc5 38. c7 {Black resigns} 1-0

[Event "Team 45 45 League T69"]
[Site "Internet Chess Club"]
[Date "2016.06.20"]
[Round "2"]
[White "krysto"]
[Black "RD1974"]
[Result "1-0"]
[WhiteElo "1594"]
[BlackElo "1702"]
[Opening "QGD: Tartakower (Makagonov-Bondarevsky) system"]
[ECO "D58"]
[Time "17:00:20"]
[TimeControl "2700+45"]

1. d4 Nf6 2. c4 e6 3. Nc3 d5 4. Bg5 Be7 5. e3 O-O 6. Nf3 h6 7. Bh4 b6 8. a3 Bb7
9. b4 a5 10. b5 c5 11. bxc6 Bxc6 12. cxd5 Nxd5 13. Bxe7 Qxe7 14. Nxd5 exd5 15.
Bd3 Nd7 16. O-O b5 17. Qb1 b4 18. axb4 axb4 19. Qb2 Rab8 20. Nd2 Rb6 21. Nb3
Rfb8 22. Ra7 Qd6 23. Rfa1 g6 24. Qb1 Bb5 25. Bxb5 Rxb5 26. Qd3 Qc6 27. Rc1 Qc3
28. Rxc3 bxc3 29. Rxd7 Rxb3 30. g3 Rc8 31. Rd6 Kg7 32. Rxd5 Ra8 33. Rc5 Raa3 34.
Kg2 Rb2 35. Rxc3 Raa2 36. Qf1 h5 37. h4 Kh6 38. Rd3 g5 39. hxg5+ Kxg5 40. d5 h4
41. gxh4+ Kxh4 42. d6 Ra8 43. d7 Rg8+ 44. Kh2 Kh5 45. Qh3+ Kg6 46. Rd6+ f6 47.
Qg3+ Kf7 48. Qxg8+ Kxg8 49. d8=Q+ Kg7 50. Qxf6+ Kh7 51. Qxb2 {Black resigns} 1-0